 Dungeon Crawl Stone Soup version 0.30-a0-540-g0af01429fa (webtiles) character file.

Game seed: 1046758307365547192

48835 Newt the Carver (level 14, -2/115 HPs)
             Began as a Demonspawn Gladiator on Dec 25, 2022.
             Was the Champion of Okawaru.
             Killed by a magical explosion (5 damage)
             ... on level 1 of the Swamp.
             The game lasted 00:24:09 (17781 turns).

Newt the Carver (Demonspawn Gladiator)             Turns: 17781, Time: 00:24:09

Health: -2/115     AC: 19    Str: 19    XL:     14   Next: 13%
Magic:  21/21      EV: 13    Int: 15    God:    Okawaru [******]
Gold:   770        SH:  5    Dex: 31    Spells: 13/13 levels left

rFire   + . .      SeeInvis +    a - +4 long sword (venom)
rCold   + . .      Faith    .    (no shield)
rNeg    . . .      Spirit   .    j - +5 scale mail "Unerph" {Will+ Regen+ Int+2 SInv}
rPois   .          Reflect  +    c - +0 helmet
rElec   .          Harm     .    N - +0 cloak "Bofum" {Int+4 Dex+3}
rCorr   .          Rampage  .    (gloves unavailable)
Will    +++..                    S - +0 pair of boots of Honour {rF+ rC+ SInv}
Stlth   +                        v - amulet of reflection
HPRegen 1.19/turn                q - +6 ring of dexterity
MPRegen 0.17/turn                L - +6 ring of dexterity

@: lethally poisoned (-2 -> -5), about to teleport, flying, contaminated,
glowing
A: molten scales 1, powered by pain 2, condensation shield, demonic touch 3,
strong-willed 1
a: Renounce Religion, Heroism, Finesse, Duel


You were on level 1 of the Swamp.
You worshipped Okawaru.
Okawaru was exalted by your worship.
You visited 3 branches of the dungeon, and saw 16 of its levels.

You collected 977 gold pieces.
You spent 207 gold pieces at shops.

Inventory:

Hand Weapons
 a - a +4 long sword of venom (weapon)
 b - a +3 hand crossbow of electrocution
 p - a +1 rapier
 Y - the +3 falchion of Skirmishing {antimagic, Fly rF- rCorr}
   (You found it on level 5 of the Lair of Beasts)

   It reduces the magical energy of the wielder, and disrupts the spells and
   magical abilities of those it strikes.
   Natural abilities and divine invocations are not affected.
   rF:        It makes you vulnerable to fire.
   Fly:       It grants you flight.
   rCorr:     It protects you from acid and corrosion.
Missiles
 d - a throwing net (quivered)
 f - 9 poisoned darts
 k - 7 boomerangs
 E - 2 silver javelins
 U - 2 atropa-tipped darts
Armour
 c - a +0 helmet (worn)
 j - the +5 scale mail "Unerph" (worn) {Will+ Regen+ Int+2 SInv}
   (Okawaru gifted it to you on level 5 of the Lair of Beasts)

   Int:       It affects your intelligence (+2).
   SInv:      It lets you see invisible.
   Regen:     It increases your rate of health regeneration.
   Will:      It increases your willpower.
 C - a +2 leather armour of cold resistance
 N - the +0 cloak "Bofum" (worn) {Int+4 Dex+3}
   (You found it on level 1 of the Lair of Beasts)

   Int:       It affects your intelligence (+4).
   Dex:       It affects your dexterity (+3).
 S - the +0 pair of boots of Honour (worn) {rF+ rC+ SInv}
   (Okawaru gifted it to you on level 2 of the Lair of Beasts)

   rF:        It protects you from fire.
   rC:        It protects you from cold.
   SInv:      It lets you see invisible.
 W - the +1 chain mail of the Dragon {Regen+}
   (Okawaru gifted it to you on level 5 of the Lair of Beasts)

   Regen:     It increases your rate of health regeneration.
Jewellery
 q - a +6 ring of dexterity (left hand)
 v - an amulet of reflection (around neck)
 w - an amulet of the acrobat
 y - a ring of fire
 D - the amulet "Kicuber" {RegenMP rF+ rCorr}
   (You took it off a wight on level 7 of the Dungeon)

   [amulet of magic regeneration]

   It increases your rate of magic regeneration.
   rF:        It protects you from fire.
   rCorr:     It protects you from acid and corrosion.
 K - a ring of fire
 L - a +6 ring of dexterity (right hand)
 V - a ring of ice
Wands
 g - a wand of light (8)
 m - a wand of digging (1)
 A - a wand of paralysis (4)
 H - a wand of polymorph (5)
 I - a wand of mindburst (17)
Scrolls
 e - 2 scrolls of magic mapping
 o - 6 scrolls of teleportation
 r - 2 scrolls of amnesia
 z - a scroll of enchant weapon
 B - 2 scrolls of blinking
 F - a scroll of noise
 J - 3 scrolls of fear
 O - 5 scrolls of identify
Potions
 h - 7 potions of degeneration
 i - a potion of magic
 l - 9 potions of curing
 n - 4 potions of flight
 s - 4 potions of cancellation
 t - a potion of haste
 u - 2 potions of resistance
 x - a potion of might
 G - 2 potions of lignification
 P - 3 potions of ambrosia
 R - 2 potions of berserk rage
 T - 2 potions of brilliance
Miscellaneous
 Z - a box of beasts


   Skills:
 - Level 12.0 Fighting
 - Level 2.6(9.4) Short Blades
 - Level 13.8(14.0) Long Blades
 + Level 8.5 Ranged Weapons
 - Level 1.7 Throwing
 - Level 8.0 Armour
 - Level 4.0 Dodging
 - Level 3.0 Stealth
 - Level 10.0 Invocations
 - Level 5.0 Evocations


You had 13 spell levels left.
You didn't know any spells.
Your spell library contained the following spells:

 Spells                   Type           Power      Damage    Failure   Level
 Apportation              Tloc           0%         N/A       56%         1
 Necrotise                Necr           0%         1d4       56%         1
 Slow                     Hex            0%         N/A       56%         1
 Sting                    Tmut/Pois      0%         1d3       56%         1
 Poisonous Vapours        Pois/Air       0%         N/A       71%         2
 Sublimation of Blood     Necr           0%         N/A       71%         2
 Wereblood                Tmut           0%         N/A       71%         2
 Confusing Touch          Hex            0%         N/A       91%         3
 Vampiric Draining        Necr           0%         2d6       91%         3
 Olgreb's Toxic Radiance  Pois           0%         N/A       100%        4
 Passage of Golubria      Tloc           0%         N/A       100%        4
 Fireball                 Conj/Fire      0%         3d3       100%        5
 Iskenderun's Battlesphe  Conj           0%         2d6       100%        5
 Silence                  Hex/Air        0%         N/A       100%        5
 Conjure Ball Lightning   Conj/Air       0%         3x3d7     100%        6
 Orb of Destruction       Conj           0%         9d5       100%        7
 Lehudib's Crystal Spear  Conj/Erth      0%         10d2      100%        8
 Summon Small Mammal      Summ           Unusable   N/A       N/A         1
 Summon Hydra             Summ           Unusable   N/A       N/A         7

Dungeon Overview and Level Annotations

Branches:
Dungeon (10/15)            Temple (0/1) D:7            Lair (5/5) D:9
  Swamp (1/4) Lair:2       Spider (0/4) Lair:3        Slime (0/5) Lair:5
    Orc (0/2) D:9

Altars:
Ashenzari
Cheibriados
Hepliaklqana
Okawaru
Sif Muna
Jiyva

Shops:
D:3 (   D:8 !!?:

Annotations:
D:7 2 runed translucent doors, xzight's ghost, novice DEFE
Swamp:1 1 transporter


Innate Abilities, Weirdness & Mutations

You are partially covered in molten scales. (AC +2)
You sometimes gain power by taking damage.
A meltable shield of frost defends you. (SH +0)
Your touch may irresistibly damage your foes and sap their willpower.
You are strong-willed. (Will+)


Message History

You hear a loud "Zot"!
There is a transporter landing site here.
Your +3 hand crossbow of electrocution stops crackling.
Your +4 long sword of venom begins to drip with poison!
a - a +4 long sword of venom (weapon)
The swamp worm fires a harpoon shot at you.
The harpoon shot hits you!!
You focus on the pain.
You feel your power returning.
You are yanked forward by the harpoon shot.
You collide with the briar patch!
The briar patch is destroyed!
The swamp worm fires a harpoon shot at you.
The harpoon shot reflects off an invisible shield around you!
The harpoon shot hits the briar patch!
You destroy the briar patch!
The balrug gestures at you.
The fireball explodes!
The fireball engulfs you!!
Your condensation shield dissipates!
You resist.
* * * LOW HITPOINT WARNING * * *
The fireball engulfs the briar patch!!
The briar patch is burned terribly!
The briar patch is destroyed!
The fireball engulfs the briar patch!!
The briar patch is burned terribly!
The briar patch is destroyed!
The fireball engulfs the balrug.
The balrug completely resists.
The swamp worm fires a harpoon shot at you.
The harpoon shot hits you.
* * * LOW HITPOINT WARNING * * *
You are yanked forward by the harpoon shot.
Unknown command.
The swamp worm attacks as you move away!
The swamp worm bites you but does no damage.
The swamp worm barely misses you. The balrug gestures at you.
The bolt of fire hits you!! You resist.
* * * LOW HITPOINT WARNING * * *
Your body shudders with the violent release of wild energies!
The magical storm engulfs you.
You are lethally poisoned!
You die...

♣.~~..~......§~~~~~~~
♣~......~~...~§~.~~..
♣♣♣..~...~~~÷~~~~~~~.~
♣♣♣..~...©...~~..~......
♣♣~.....#####.......~~§.♣
♣.....###.©.###..~§.~~~♣♣
♣♣.♣~.#w≈.2.≈##...~.~~~♣
♣..§..##≈P^P§w#......~.♣
♣♣..~.#w@P^P≈##...♣♣♣.♣♣
♣♣...###§^P≈w#.~~.♣♣♣♣♣
♣..~.#w§P§☼###.~~~♣♣..♣
♣♣.♣.##§P^P§w#.§..§~.~♣♣
♣♣♣.#w§P^P≈##.~...~~..♣
♣.####+####.~.~...~~♣
♣♣♣.#)$$#.........~~~
♣.#=©[#...~.~..~~~~
♣.#####...~~...~~~.


You could see a balrug and 6 swamp worms.

Vanquished Creatures
  Josephine (Lair:4)
  Harold (D:9)
  2 catoblepae
  2 hydras
  2 two-headed ogres (D:9)
  A deep troll shaman (Lair:5)
  3 death yaks (Lair:5)
  5 alligators (Swamp:1)
  A fire crab (Lair:5)
  A spriggan (Swamp:1)
  2 goliath frogs (Swamp:1)
  4 bog bodies
  Pikel (D:5)
  A lindwurm (Lair:5)
  A will-o-the-wisp (Swamp:1)
  19 elephants
  5 black mambas
  14 cane toads
  An unseen horror (D:9)
  A rime drake (Lair:1)
  4 komodo dragons
  A bloated husk (Swamp:1)
  Prince Ribbit (D:7)
  5 tyrant leeches (Swamp:1)
  2 polar bears
  A hornet (Swamp:1)
  8 blink frogs (Lair:5)
  44 yaks
  3 wraiths (Lair:4)
  4 wyverns
  2 basilisks
  8 vampire mosquitoes (Swamp:1)
  8 swamp worms
  16 water moccasins
  2 orc warriors
  A swamp drake (Swamp:1)
  3 sky beasts (D:7)
  An ice beast (D:7)
  2 black bears
  3 ogres
  21 wolves
  3 centaurs
  A kobold brigand (D:6)
  A necrophage (D:6)
  A scorpion (D:6)
  8 bullfrogs
  3 gnoll sergeants
  7 wights
  A killer bee (D:7)
  7 howler monkeys
  4 electric eels
  3 hounds
  2 jellies
  Crazy Yiuf (D:7)
  2 orc priests
  3 iguanas
  7 orc wizards
  13 gnolls
  8 adders
  2 shadow imps
  2 white imps (D:7)
  An ufetubus (D:4)
  2 worms
  4 dart slugs
  22 orcs
  5 ball pythons
  9 bats
  3 endoplasms
  7 giant cockroaches
  3 goblins
  8 hobgoblins
  6 jackals
  12 kobolds
  2 quokkas
  A frilled lizard (D:2)
  5 rats
  A briar patch (Swamp:1)
378 creatures vanquished.

Vanquished Creatures (others)
  A goliath frog (Swamp:1)
  A bloated husk (Swamp:1)
  A blink frog (Lair:5)
  A yak (Lair:5)
  A swamp worm (Swamp:1)
  A water moccasin (Lair:2)
  3 briar patches (Swamp:1)
  2 bushes (Lair:5)
  16 foxfires (Swamp:1)
  35 fungi
  70 plants
132 creatures vanquished.

Grand Total: 510 creatures vanquished

Notes
Turn   | Place    | Note
-------+----------+-------------------------------------------
     0 | D:1      | Newt the Demonspawn Gladiator began the quest for the Orb.
     0 | D:1      | Reached XP level 1. HP: 16/16 MP: 1/1
     0 | D:1      | Noticed a tentacled monstrosity
     1 | D:1      | Noticed an ice dragon
     3 | D:1      | Noticed a large abomination
     3 | D:1      | Noticed a white draconian
     5 | D:1      | Noticed an ice dragon
     6 | D:1      | Noticed an orb of fire
     8 | D:1      | Noticed a tentacled monstrosity
     9 | D:1      | Noticed a shadow dragon
    11 | D:1      | Noticed a tentacled monstrosity
    13 | D:1      | Noticed a yellow draconian
    13 | D:1      | Noticed an iron dragon
    15 | D:1      | Noticed an iron dragon
    15 | D:1      | Noticed an iron dragon
    15 | D:1      | Noticed a yellow draconian
    17 | D:1      | Noticed a large abomination
    17 | D:1      | Noticed a shadow dragon
    17 | D:1      | Noticed a large abomination
    19 | D:1      | Noticed a red draconian
    19 | D:1      | Noticed a tentacled monstrosity
    66 | D:1      | Reached skill level 1 in Stealth
   107 | D:1      | Gained mutation: You sometimes gain a little power by
                  | taking damage. [demonic ancestry]
   107 | D:1      | Reached XP level 2. HP: 22/22 MP: 2/2
   686 | D:2      | Gained mutation: Your touch may inflict minor irresistible
                  | damage on your foes. [demonic ancestry]
   686 | D:2      | Reached XP level 3. HP: 24/27 MP: 3/3
  1238 | D:3      | Found an iron altar of Okawaru.
  1271 | D:3      | Became a worshipper of Warmaster Okawaru
  1307 | D:3      | Gained mutation: Your touch may inflict irresistible damage
                  | on your foes. [demonic ancestry]
  1307 | D:3      | Reached XP level 4. HP: 34/34 MP: 4/4
  1398 | D:3      | Found Moshet's Antique Weapon Shop.
  1403 | D:3      | Bought a runed long sword for 97 gold pieces
  1999 | D:4      | Gained mutation: Your touch may irresistibly damage your
                  | foes and sap their willpower. [demonic ancestry]
  1999 | D:4      | Reached XP level 5. HP: 42/42 MP: 5/5
  2416 | D:4      | Reached skill level 5 in Fighting
  2530 | D:5      | Entered Level 5 of the Dungeon
  2540 | D:5      | Reached skill level 1 in Long Blades
  2544 | D:5      | HP: 2/44 [poisoned by a gnoll sergeant]
  2883 | D:5      | Reached XP level 6. HP: 44/51 MP: 6/6
  2884 | D:5      | Reached skill level 2 in Long Blades
  2895 | D:5      | Noticed Pikel
  2904 | D:5      | HP: 1/51 [lemure[Pikel] (6)]
  2924 | D:4      | Reached skill level 3 in Long Blades
  3215 | D:5      | Reached * piety under Okawaru
  3221 | D:5      | Reached skill level 4 in Long Blades
  3221 | D:5      | Reached XP level 7. HP: 28/56 MP: 7/7
  3481 | D:5      | Killed Pikel
  3481 | D:5      | Reached ** piety under Okawaru
  3482 | D:5      | Reached skill level 5 in Long Blades
  3482 | D:5      | Gained mutation: You sometimes gain power by taking damage.
                  | [demonic ancestry]
  3482 | D:5      | Reached XP level 8. HP: 8/62 MP: 8/8
  4436 | D:5      | Reached *** piety under Okawaru
  4600 | D:6      | Reached skill level 5 in Armour
  4612 | D:6      | Reached skill level 1 in Evocations
  4966 | D:6      | Reached skill level 5 in Evocations
  4970 | D:6      | Reached skill level 6 in Long Blades
  4970 | D:6      | Gained mutation: A meltable shield of frost defends you.
                  | (SH +0) [demonic ancestry]
  4970 | D:6      | Reached XP level 9. HP: 26/68 MP: 9/9
  5195 | D:6      | Reached **** piety under Okawaru
  5258 | D:6      | Found a hazy altar of Hepliaklqana.
  5264 | D:6      | Reached skill level 7 in Long Blades
  5363 | D:7      | Noticed Prince Ribbit
  5376 | D:7      | Found a large runed translucent door.
  5376 | D:7      | Found a large runed translucent door.
  5379 | D:7      | Killed Prince Ribbit
  5425 | D:7      | Noticed xzight's ghost (novice DEFE)
  5766 | D:7      | Found a snail-covered altar of Cheibriados.
  5818 | D:7      | Found a runed translucent door.
  5819 | D:7      | Noticed Crazy Yiuf
  5912 | D:7      | Identified the amulet "Kicuber" {RegenMP rF+ rCorr}
  6066 | D:7      | Found a shimmering blue altar of Sif Muna.
  6155 | D:7      | Found a staircase to the Ecumenical Temple.
  6181 | D:7      | Found a broken altar of Ashenzari.
  6625 | D:7      | Killed Crazy Yiuf
  6659 | D:8      | Found Nyesm's Distillery.
  6678 | D:8      | Reached ***** piety under Okawaru
  6761 | D:8      | Bought a potion of lignification for 45 gold pieces
  6874 | D:8      | Gained mutation: You are strong-willed. (Will+) [potion of
                  | mutation]
  6923 | D:8      | Found Ludock's Book Shoppe.
  6934 | D:8      | Found Yxtoib's Magic Scroll Emporium.
  7105 | D:8      | Found Tutaopri's Distillery.
  7138 | D:8      | Reached skill level 8 in Long Blades
  7201 | D:8      | Gained mutation: You are partially covered in molten
                  | scales. (AC +2) [demonic ancestry]
  7201 | D:8      | Reached XP level 10. HP: 80/80 MP: 10/10
  7203 | D:8      | Bought a potion of heal wounds for 65 gold pieces
  7515 | D:9      | Noticed a two-headed ogre
  7527 | D:9      | Killed a two-headed ogre
  7528 | D:9      | Reached skill level 9 in Long Blades
  7845 | D:9      | Found a staircase to the Lair.
  7846 | D:9      | Found a staircase to the Orcish Mines.
  7874 | D:9      | Noticed Harold
  7883 | D:9      | Killed Harold
  8387 | D:9      | Noticed a two-headed ogre
  8393 | D:9      | Killed a two-headed ogre
  8408 | D:10     | Entered Level 10 of the Dungeon
  8454 | Lair:1   | Entered Level 1 of the Lair of Beasts
  8469 | Lair:1   | Noticed a black mamba
  8476 | Lair:1   | Killed a black mamba
  8558 | Lair:1   | Noticed a cane toad
  8564 | Lair:1   | Killed a cane toad
  8564 | Lair:1   | Received a gift from Okawaru
  8593 | Lair:1   | Noticed a cane toad
  8602 | Lair:1   | Killed a cane toad
  8603 | Lair:1   | Reached XP level 11. HP: 66/86 MP: 10/12
  8620 | Lair:1   | Identified the +0 cloak "Bofum" {Int+4 Dex+3}
  8866 | Lair:1   | Reached skill level 5 in Invocations
  9804 | Lair:2   | Reached ****** piety under Okawaru
  9951 | Lair:2   | Noticed a catoblepas
  9964 | Lair:2   | Killed a catoblepas
  9964 | Lair:2   | Identified the +0 pair of boots of Honour {rF+ rC+ SInv}
                  | (Okawaru gifted it to you on level 2 of the Lair of Beasts)
  9964 | Lair:2   | Received a gift from Okawaru
 10612 | Lair:2   | Noticed a bog body
 10627 | Lair:2   | Killed a bog body
 10894 | Lair:2   | Found a staircase to the Swamp.
 10894 | Lair:2   | Noticed a bog body
 10904 | Lair:2   | Reached skill level 10 in Fighting
 10907 | Lair:2   | Killed a bog body
 11284 | Lair:2   | Noticed a four-headed hydra
 11312 | Lair:2   | Killed a 12-headed hydra
 12195 | Lair:3   | Reached XP level 12. HP: 98/100 MP: 18/18
 12347 | Lair:3   | Found a hole to the Spider Nest.
 12408 | Lair:3   | Received a gift from Okawaru
 12415 | Lair:3   | Reached skill level 1 in Ranged Weapons
 13095 | Lair:4   | Noticed Josephine
 13107 | Lair:4   | Killed Josephine
 13113 | Lair:4   | HP: 3/100 [wraith[Josephine] (7)]
 13470 | Lair:3   | Reached skill level 5 in Ranged Weapons
 13708 | Lair:4   | You fall into a shaft and drop 1 floor!
 13708 | Lair:5   | Entered Level 5 of the Lair of Beasts
 13727 | Lair:5   | Identified the +1 chain mail of the Dragon {Regen+}
                  | (Okawaru gifted it to you on level 5 of the Lair of Beasts)
 13727 | Lair:5   | Received a gift from Okawaru
 13824 | Lair:5   | Noticed a catoblepas
 13824 | Lair:5   | Noticed a death yak
 13843 | Lair:5   | Noticed a death yak
 13848 | Lair:5   | Noticed a death yak
 13853 | Lair:5   | Killed a catoblepas
 13864 | Lair:5   | Killed a death yak
 13866 | Lair:5   | Killed a death yak
 13877 | Lair:5   | Killed a death yak
 13879 | Lair:5   | Noticed a deep troll shaman
 13888 | Lair:5   | Killed a deep troll shaman
 13964 | Lair:5   | Identified the +3 falchion of Skirmishing {antimagic, Fly
                  | rF- rCorr}
 14060 | Lair:5   | Reached XP level 13. HP: 95/108 MP: 6/19
 14189 | Lair:5   | Reached skill level 10 in Invocations
 14199 | Lair:5   | Reached skill level 10 in Long Blades
 14968 | Lair:4   | Reached skill level 11 in Long Blades
 15261 | Lair:5   | Identified the +5 scale mail "Unerph" {Will+ Regen+ Int+2
                  | SInv} (Okawaru gifted it to you on level 5 of the Lair of
                  | Beasts)
 15261 | Lair:5   | Received a gift from Okawaru
 15625 | Lair:5   | Reached skill level 12 in Long Blades
 16192 | Lair:5   | Found a viscous altar of Jiyva.
 16192 | Lair:5   | Found a staircase to the Slime Pits.
 16442 | Swamp:1  | Entered Level 1 of the Swamp
 16459 | Swamp:1  | Reached skill level 13 in Long Blades
 16847 | Swamp:1  | Identified the +1 buckler of the Swan {rN+ Regen+ Int-3
                  | SInv} (Okawaru gifted it to you on level 1 of the Swamp)
 16847 | Swamp:1  | Received a gift from Okawaru
 17257 | Swamp:1  | Reached XP level 14. HP: 97/115 MP: 21/21
 17385 | Swamp:1  | Found a transporter.
 17507 | Swamp:1  | Found a transporter.
 17777 | Swamp:1  | Noticed a balrug
 17781 | Swamp:1  | HP: 3/115 [balrug/bolt of fire[a Zot trap] (27)]
 17781 | Swamp:1  | Killed by a magical explosion

Illustrated notes

Levels and vault maps discovered:
D:1:      shiori_arrival_whats_in_store_for_you, layout_loops_ring, st_stairs_7
D:2:      layout_rooms
D:3:      layout_loops_ring, okawaru_metal_pillars_1_2, elyvilon_altar_3,
          serial_shops, shop, grunt_decor_cap
D:4:      layout_gridville, lemuel_crystal_altar, minmay_misc_feat_columns
D:5:      layout_layer_cave, kennysheep_generic_room_5, uniq_pikel
D:6:      layout_rooms, nicolae_overflow_crystal_walls
D:7:      cheibrodos_helix_gallery, layout_basic, kennysheep_mini,
          kennysheep_slug_shrine, mainiacjoe_overflow_catwalk,
          minmay_temple_entry_sparse_star, ebering_ghost_disaster_area,
          uniq_prince_ribbit1, uniq_crazy_yiuf_cottage
D:8:      layout_cave_pools, serial_shops, nicolae_diamond_shop,
          nicolae_shop_statue_plus, shop, nicolae_inconvenience_store,
          hangedman_decor_lopped, grunt_ministairs_8, corexii_hall_statues_x
D:9:      layout_long_grid, lair_entry_dummy, orc_0_dummy,
          nicolae_concentric_dashed_squares_wild, kennysheep_path_1, uniq_harold
D:10:     layout_loops_ring
Lair:1:   layout_gridlike
Lair:2:   layout_small_grid, nicolae_swamp_entry_splash_gauntlet,
          nicolae_lair_grazing_beasts [nicolae_sub_lair_graze_edge,
          nicolae_sub_lair_graze_edge, nicolae_sub_lair_graze_edge,
          nicolae_sub_lair_graze_edge], grunt_megastairs_5,
          infiniplex_staircase_pool_2
Lair:3:   layout_hall_layers, dummy_spider_entry, serial_bayou_lake_a,
          grunt_megastairs_4
Lair:4:   layout_regular_city, uniq_josephine
Lair:5:   grunt_lair_end_beastmaster, layout_gridlike, dpeg_slime_entry_corner
Swamp:1:  gammafunk_worm_tunnel, layout_basic_swamp,
          evilmike_swamp_ruin_rubble_1

Skill      XL: |  1  2  3  4  5  6  7  8  9 10 11 12 13 |
---------------+----------------------------------------+-----
Stealth        | 1 2 3 |  3.0
Fighting       | 4 5 8 11 12 | 12.0
Long Blades    | 1 4 5 6 8 9 13 | 13.8
Armour         | 3 5 8 |  8.0
Evocations     | 5 |  5.0
Invocations    | 2 8 9 10 | 10.0
Dodging        | 4 |  4.0
Ranged Weapons | 8 |  8.5
Short Blades   | |  2.6
Throwing       | |  1.7

Action                   |  1- 3 |  4- 6 |  7- 9 | 10-12 | 13-15 || total
-------------------------+-------+-------+-------+-------+-------++-------
Melee: Rapier            |   119 |     2 |       |       |       ||   121
       Touch             |     4 |    18 |    39 |    99 |    93 ||   253
       Punch             |     1 |       |     2 |     6 |     9 ||    18
       Long sword        |       |    99 |   187 |   394 |   341 ||  1021
       Falchion          |       |       |       |    24 |    33 ||    57
 Fire: Hand crossbow     |       |       |       |    73 |    48 ||   121
Throw: Dart              |       |       |     4 |       |       ||     4
       Javelin           |       |       |     1 |     1 |       ||     2
       Throwing net      |       |       |     1 |     2 |     2 ||     5
  Use: Scroll            |     4 |    10 |     7 |     6 |     6 ||    33
       Potion            |       |     4 |     1 |     2 |     2 ||     9
 Stab: Sleeping          |     7 |     4 |     1 |     8 |     1 ||    21
       Held in net/web   |       |       |     2 |     2 |     1 ||     5
       Distracted        |       |       |     1 |       |       ||     1
       Petrified         |       |       |       |     4 |       ||     4
Armor: Leather armour    |    40 |    23 |    39 |   123 |       ||   225
       Chain mail        |       |       |       |    39 |    60 ||    99
       Scale mail        |       |       |       |       |    89 ||    89
Dodge: Dodged            |    65 |   132 |   128 |   280 |   184 ||   789
Block: Other             |       |       |    28 |   227 |   166 ||   421
       Reflection        |       |       |     2 |     2 |     2 ||     6

Table legend: (Time is in decaauts)
 A = Elapsed time spent in this place.
 B = Non-inter-level travel time spent in this place.
 C = Inter-level travel time spent in this place.
 D = Time resting spent in this place.
 E = Time spent auto-exploring this place.
 F = Levels seen in this place.
 G = Mean time per level.
                   A        B        C        D        E       F      G
               +--------+--------+--------+--------+--------+-----+--------+
         Total |  17912 |  17370 |    542 |   4423 |   9743 |  16 | 1119.5 |
       Dungeon |   8502 |   8223 |    279 |   1567 |   4996 |  10 |  850.2 |
          Lair |   8028 |   7806 |    222 |   2365 |   4186 |   5 | 1605.6 |
         Swamp |   1380 |   1340 |     40 |    491 |    560 |   1 | 1380.0 |
               +--------+--------+--------+--------+--------+-----+--------+

Top non-repeatable levels by time:
  Lair:2: 1951 daAuts
  Lair:5: 1736 daAuts
  Lair:1: 1723 daAuts
  Lair:4: 1570 daAuts
     D:5: 1533 daAuts
 Swamp:1: 1380 daAuts
     D:7: 1340 daAuts
     D:4: 1179 daAuts
  Lair:3: 1048 daAuts
     D:9: 967 daAuts
     D:8: 815 daAuts
     D:6: 756 daAuts
     D:3: 725 daAuts
     D:1: 665 daAuts
     D:2: 512 daAuts
